Map: Ephemeron LE

Players

Dear

  • Race: Protoss Protoss
  • League: Master
  • Spawn Location: 11:00

TSGTYTY (TY) - Winner!

  • Race: Terran Terran
  • League: Grandmaster
  • Spawn Location: 5:00

VOD

Have the link to the VOD?

Description

Time

  • Played on: Jan. 6, 2020, 9:26 p.m.
  • Length: 13:46
Show
View Real Time Build Order
Export as new Build Order

Dear Protoss 

Build Orders: 1 Gate Expand, Phoenix Opening, Blink Stalkers 

Get SALT Encoding   

  12  0:00  Probe  
  13  0:12  Probe  
  14  0:17  Pylon  
  14  0:24  Probe (Chrono Boost)  
  15  0:36  Gateway  
  15  0:37  Probe (Chrono Boost)  
  16  0:44  Probe (Chrono Boost)  
  16  0:46  Assimilator  
  17  0:51  Probe  
  18  1:03  Probe  
  19  1:15  Probe  
  20  1:22  Nexus  
  20  1:32  Cybernetics Core  
  20  1:35  Probe  
  21  1:42  Assimilator  
  21  1:48  Probe  
  21  1:52  Pylon  
  22  2:00  Probe  
  23  2:07  Adept (Chrono Boost)  
  23  2:11  Warp Gate  
  23  2:12  Probe  
  26  2:24  Probe (Chrono Boost)  
  26  2:27  Stalker (Chrono Boost)  
  27  2:34  Twilight Council  
  27  2:35  Probe (Chrono Boost)  
  32  2:44  Probe (Chrono Boost)  
  32  2:45  Probe (Chrono Boost)  
  32  2:50  Probe (Chrono Boost), Sentry  
  34  2:52  Probe  
  36  3:01  Probe  
  36  3:04  Probe  
  38  3:06  Gateway  
  38  3:07  Blink (Chrono Boost)  
  38  3:14  Probe  
  38  3:16  Probe  
  40  3:21  Pylon  
  40  3:26  Phoenix, Probe  
  41  3:28  Probe  
  41  3:32  Robotics Facility  
  42  3:38  Probe  
  42  3:40  Probe  
  44  3:50  Probe, Nexus  
  44  3:52  Probe  
  46  4:01  Stalker  
  46  4:02  Stalker  
  50  4:04  Probe, Pylon  
  50  4:05  Probe  
  52  4:10  Assimilator  
  52  4:12  Assimilator  
  52  4:16  Probe  
  53  4:17  Probe  
  53  4:22  Observer  
  55  4:25  Stalker x2  
  55  4:30  Probe x2  
  61  4:42  Probe  
  62  4:46  Pylon  
  62  5:02  Probe x2, Observer  
  64  5:14  Probe x2 (Chrono Boost)  
  64  5:16  Probe (Chrono Boost)  
  67  5:21  Forge  
  67  5:25  Probe x3 (Chrono Boost), Warp Prism  
  67  5:27  Charge  
  72  5:29  Probe x2 (Chrono Boost)  
  72  5:30  Probe (Chrono Boost)  
  72  5:34  Stalker  
  72  5:35  Stalker  
  79  5:37  Protoss Ground Weapons Level 1 (Chrono Boost)  
  79  5:40  Probe x2  
  79  5:42  Probe, Gateway  
  82  5:44  Gateway  
  82  5:46  Gateway  
  82  5:49  Gateway  
  82  5:51  Gateway  
  82  5:55  Pylon  
  82  5:59  Gateway  
  82  6:00  Sentry  
  83  6:07  Probe x3  
  85  6:14  Pylon x2, Sentry  
  87  6:19  Pylon, Immortal (Chrono Boost)  
  91  6:27  Zealot  
  91  6:30  Shield Battery  
  91  6:31  Photon Cannon  
  93  6:43  Zealot x5  
  103  6:51  Immortal  
  107  6:55  Zealot x3  
  107  6:58  Pylon  
  107  7:00  Probe x2  
  107  7:01  Probe  
  115  7:03  Assimilator x2  
  115  7:08  Robotics Bay  
  115  7:11  Forge  
  115  7:18  Pylon  
  115  7:19  Pylon  
  115  7:23  Protoss Ground Weapons Level 2 (Chrono Boost), Zealot  
  115  7:24  Zealot x3  
  123  7:40  Robotics Facility  
  123  7:43  Probe  
  124  7:51  Photon Cannon  
  124  7:53  Colossus (Chrono Boost)  
  124  7:54  Pylon  
  124  7:56  Pylon  
  124  7:57  Extended Thermal Lance  
  130  8:00  Protoss Ground Armor Level 1 (Chrono Boost), Zealot x3  
  136  8:07  Pylon  
  136  8:09  Pylon  
  136  8:17  Nexus  
  136  8:20  Probe  
  136  8:21  Probe x2  
  139  8:28  Colossus (Chrono Boost)  
  145  8:36  Probe x3  
  145  8:40  Gateway  
  154  8:42  Gateway, Colossus (Chrono Boost)  
  155  8:48  Probe x3  
  155  8:55  Pylon  
  157  8:57  Pylon  
  157  9:00  Probe x2  
  157  9:01  Probe, Templar Archives  
  160  9:07  Assimilator  
  160  9:08  Pylon  
  160  9:11  Assimilator  
  160  9:15  Probe x3  
  163  9:17  Pylon  
  163  9:24  Zealot x3  
  163  9:25  Zealot x5  
  163  9:29  Probe x2  
  163  9:30  Probe  
  182  9:37  Photon Cannon  
  182  9:43  Photon Cannon  
  182  9:48  High Templar x6  
  182  9:49  High Templar x3  
  182  9:52  Archon x2  
  200  9:53  Archon x2  
  197  10:00  Stalker  
  153  10:14  Protoss Ground Weapons Level 3 (Chrono Boost)  
  153  10:15  Protoss Ground Armor Level 2 (Chrono Boost)  
  153  10:20  Probe  
  153  10:21  Probe x2  
  150  10:24  Zealot x10  
  150  10:28  Immortal (Chrono Boost)  
  174  10:30  Immortal (Chrono Boost)  
  110  10:51  High Templar x2  
  110  10:52  High Templar x2, Zealot x5  
  110  10:53  Zealot  
  126  10:58  Archon  
  126  10:59  Archon  
  126  11:04  Disruptor (Chrono Boost)  
  126  11:06  Disruptor (Chrono Boost)  
  130  11:13  Nexus  
  130  11:17  Zealot x6  
  142  11:18  Probe  
  142  11:19  Probe x3  
  142  11:25  Sentry  
  148  11:28  Zealot x2, Disruptor (Chrono Boost)  
  148  11:29  Disruptor (Chrono Boost)  
  158  11:33  Probe x3  
  158  11:38  Dark Shrine  
  133  11:54  Disruptor (Chrono Boost)  
  133  11:56  Disruptor (Chrono Boost)  
  133  11:59  Zealot x2  
  133  12:00  Zealot x5, Stalker x2  
  133  12:01  Stalker  
  122  12:23  Zealot x7  
  122  12:29  Stalker x3  
  128  12:30  Disruptor x2 (Chrono Boost)  
  113  12:46  Zealot x7  
  104  13:03  Stalker  
  104  13:04  Stalker x2  
  104  13:07  High Templar x3  
  104  13:08  High Templar x2  
  104  13:09  High Templar, Stalker  
  118  13:12  Archon  
  118  13:13  Archon x2  
  102  13:27  Zealot x3  
Show
View Real Time Build Order
Export as new Build Order

TSGTYTY Terran - Winner!

Build Orders: Reaper Expand 

Get SALT Encoding   

  12  0:00  SCV  
  13  0:12  SCV  
  14  0:17  Supply Depot  
  14  0:25  SCV  
  15  0:38  SCV  
  15  0:40  Barracks  
  16  0:43  Refinery  
  16  0:51  SCV  
  17  1:03  SCV  
  18  1:15  SCV  
  19  1:30  Reaper  
  19  1:31  Orbital Command  
  20  1:45  Command Center  
  20  1:55  Supply Depot  
  20  1:58  SCV  
  21  2:02  Marine  
  22  2:10  Factory  
  22  2:14  SCV  
  23  2:20  Refinery  
  23  2:21  Barracks Reactor  
  23  2:26  SCV  
  24  2:38  SCV  
  25  2:50  SCV  
  26  2:54  Hellion  
  26  2:55  Starport  
  28  2:58  Orbital Command  
  28  2:59  Marine  
  28  3:01  Marine  
  28  3:03  SCV  
  31  3:15  SCV, Widow Mine  
  31  3:19  Marine  
  34  3:20  Marine  
  34  3:24  SCV  
  37  3:27  SCV  
  37  3:33  Medivac  
  40  3:36  SCV  
  40  3:37  Widow Mine  
  40  3:38  Supply Depot  
  43  3:43  SCV  
  46  3:50  SCV  
  46  3:54  Marine, Barracks  
  46  3:56  Marine  
  46  3:59  SCV, Factory Tech Lab  
  46  4:02  SCV  
  48  4:11  Barracks  
  48  4:12  SCV, Marine, Starport Tech Lab  
  48  4:14  SCV, Marine  
  52  4:17  Supply Depot  
  52  4:24  SCV  
  53  4:26  SCV  
  54  4:33  Marine x2  
  54  4:39  Raven, SCV x2, Siege Tank  
  54  4:43  Supply Depot x2  
  59  4:48  Marine  
  59  4:51  Marine, SCV x2  
  59  4:52  Marine  
  59  5:06  Marine  
  62  5:08  Marine  
  62  5:11  Siege Tank  
  64  5:16  Refinery  
  64  5:17  SCV  
  64  5:20  Command Center  
  65  5:25  SCV  
  65  5:27  Marine x2  
  67  5:29  SCV, Supply Depot  
  67  5:32  Marine  
  67  5:34  Stimpack  
  68  5:37  SCV  
  68  5:40  Refinery  
  68  5:41  SCV  
  68  5:43  Barracks Reactor  
  68  5:45  Marine  
  68  5:49  SCV  
  69  5:51  Starport Reactor  
  69  5:52  Marine, Engineering Bay  
  69  5:53  SCV  
  69  5:56  Marine x2, Factory Tech Lab  
  73  6:01  SCV  
  73  6:02  Supply Depot  
  73  6:03  Marine  
  75  6:10  Marine  
  77  6:17  Marine x2  
  78  6:19  Combat Shield  
  78  6:23  Siege Tank  
  78  6:24  Terran Infantry Weapons Level 1  
  78  6:25  Supply Depot  
  81  6:27  Marine x2, Supply Depot  
  81  6:32  Medivac, Supply Depot  
  85  6:34  Medivac  
  85  6:38  Marine x2  
  89  6:41  SCV x2  
  89  6:42  Orbital Command  
  89  6:45  Marine x2  
  93  6:54  SCV x2  
  93  6:55  Siege Tank  
  98  7:06  SCV  
  98  7:07  Medivac  
  105  7:09  Marine  
  105  7:10  Marine x3  
  105  7:11  Medivac  
  105  7:14  SCV  
  108  7:17  Orbital Command  
  107  7:22  Barracks  
  107  7:24  SCV  
  107  7:25  Supply Depot  
  107  7:26  SCV, Supply Depot  
  107  7:27  Marine x2, Liberator x2  
  111  7:32  Marine x2  
  111  7:33  Missile Turret  
  111  7:36  SCV  
  114  7:38  SCV  
  114  7:42  SCV, Barracks  
  116  7:45  Marine  
  116  7:48  SCV  
  116  7:50  SCV, Armory  
  116  7:51  Engineering Bay  
  125  7:52  Missile Turret  
  125  7:54  SCV  
  125  7:55  Marine  
  125  7:56  Supply Depot  
  127  7:59  Sensor Tower  
  127  8:00  SCV  
  127  8:02  Refinery x2  
  127  8:04  SCV  
  129  8:06  SCV  
  129  8:07  Marine x2  
  129  8:09  Missile Turret  
  129  8:10  Supply Depot  
  133  8:12  SCV  
  133  8:14  Liberator  
  133  8:16  SCV  
  133  8:17  Barracks Reactor  
  133  8:19  Terran Infantry Armor Level 1, Liberator  
  134  8:21  Marine x2  
  134  8:23  Ghost Academy  
  134  8:24  SCV  
  134  8:25  SCV, Marine, Supply Depot  
  139  8:27  Supply Depot  
  139  8:28  SCV  
  142  8:41  Marine x2  
  147  8:46  Command Center  
  147  8:49  Terran Infantry Weapons Level 2  
  147  8:50  SCV  
  147  8:52  SCV  
  149  9:00  Marine x3  
  154  9:04  Marauder  
  154  9:08  Marine  
  159  9:14  Terran Vehicle Weapons Level 1  
  159  9:20  Viking  
  159  9:21  Viking  
  163  9:25  Marauder  
  163  9:26  Marine x2  
  163  9:29  Factory Tech Lab  
  163  9:30  Unknown  
  163  9:31  Marauder  
  169  9:33  Supply Depot  
  169  9:34  Supply Depot  
  169  9:35  Unknown  
  168  9:41  Marine  
  168  9:42  Marine, Marauder  
  172  9:52  Supply Depot  
  172  9:53  Supply Depot  
  172  9:55  Viking x2, Marauder  
  178  10:01  Missile Turret  
  175  10:09  Marauder  
  175  10:12  Marine x4  
  163  10:28  Viking x2  
  163  10:39  Marine x2  
  149  10:49  Marine  
  139  10:50  Marine, Concussive Shells, SCV x2  
  139  10:55  Terran Infantry Armor Level 2  
  143  10:59  Viking x2  
  143  11:00  Starport  
  143  11:01  Unknown x2  
  143  11:02  Marine x2  
  147  11:07  Marauder  
  147  11:08  SCV x3  
  147  11:09  Terran Ship Weapons Level 1  
  156  11:12  Liberator x2  
  156  11:15  Planetary Fortress  
  156  11:16  Refinery  
  156  11:21  Marine x3, Refinery  
  156  11:22  Marine  
  156  11:24  SCV  
  156  11:25  Missile Turret  
  167  11:33  Unknown x2  
  167  11:39  SCV x2  
  169  11:41  Marine, Marauder x2  
  169  11:46  Marine x2  
  167  11:50  Marine  
  167  11:51  Marauder  
  167  11:54  SCV x2  
  170  11:56  SCV x2  
  170  11:58  Marine  
  170  11:59  Starport Reactor  
  170  12:02  Marine, Marauder  
  170  12:04  Marine  
  170  12:06  Marine  
  170  12:08  Marine  
  173  12:10  Liberator x2  
  173  12:12  Marauder  
  173  12:14  Starport Reactor  
  169  12:16  Marine  
  169  12:19  Marine  
  169  12:22  Marine  
  165  12:23  Marauder  
  165  12:24  Marine  
  165  12:33  Marauder, Liberator  
  165  12:34  Marine x2  
  165  12:35  SCV  
  165  12:36  SCV  
  163  12:38  Marauder  
  163  12:41  Marine  
  163  12:42  Marine  
  164  12:45  Marauder  
  146  12:52  Marine x2  
  146  12:55  Marauder  
  146  12:57  Medivac  
  145  13:08  Marine x2, Marauder  
  145  13:09  Marauder  
  151  13:16  Marauder  
  151  13:18  Missile Turret  
  151  13:19  Marine x2, Sensor Tower  
  153  13:26  Marine x2  
Tags
 
Add a new tag
Caveats
  • Supply blocks, unpowered buildings, or Contaminate may cause inaccurate times.
  • Supply counts are checked every 10 seconds.